 Dungeon Crawl Stone Soup version 0.20.1-1-g8b1a95d (webtiles) character file.

252 Irenicus the Grave Robber (level 5, -4/46 HPs)
             Began as a Deep Dwarf Necromancer on Nov 7, 2017.
             Shot with an arrow by a centaur (6 damage)
             ... on level 5 of the Dungeon.
             The game lasted 00:14:12 (2142 turns).

Irenicus the Grave Robber (Deep Dwarf Necromancer)  Turns: 2142, Time: 00:14:13

Health: -4/46      AC:  4    Str: 18    XL:     5   Next: 89%
Magic:  5/9        EV: 12    Int: 20    God:
Gold:   112        SH:  0    Dex: 14    Spells: 1/10 levels left

rFire    . . .     SeeInvis +   (no weapon)
rCold    . . .     Gourm    .   (no shield)
rNeg     . . .     Faith    .   j - +0 leather armour
rPois    .         Spirit   .   (no helmet)
rElec    .         Reflect  .   (no cloak)
rCorr    .         Harm     .   o - +0 pair of gloves
MR       +....                  (no boots)
Stlth    ++........             (no amulet)
Regen    0.0/turn               e - ring of see invisible
MPRegen  0.2/turn               p - ring "Zunijaq" {MR+ Str+2 Int+4 Slay+2}

@: mighty, non-regenerating
A: damage resistance, heal wounds, sense surroundings 1, no regeneration
a: Heal Wounds


You were on level 5 of the Dungeon.
You were not hungry.

You visited 1 branch of the dungeon, and saw 5 of its levels.

You collected 112 gold pieces.

Inventory:

Armour
 a - a +0 robe
 j - a +0 leather armour (worn)
 o - a +0 pair of gloves (worn)
Jewellery
 e - a ring of see invisible (left hand)
 p - the ring "Zunijaq" (right hand) {MR+ Str+2 Int+4 Slay+2}
   (You found it on level 4 of the Dungeon)

   [ring of slaying]

   It affects your strength (+2).
   It affects your intelligence (+4).
   It affects your accuracy and damage with ranged weapons and melee attacks
   (+2).
   It affects your resistance to hostile enchantments.
 r - an uncursed ring of ice
 v - an uncursed amulet of guardian spirit
Wands
 x - a wand of polymorph (12/24)
Scrolls
 g - 4 scrolls of identify
 i - 2 scrolls of teleportation {unknown}
 l - 2 scrolls of enchant armour {unknown}
 m - 3 scrolls of enchant weapon {unknown}
 n - a scroll of fear {unknown}
 q - 2 scrolls of magic mapping {unknown}
 u - a scroll of blinking {unknown}
 w - a scroll of noise {unknown}
Potions
 d - 2 potions of haste
 h - a potion of flight
 k - 2 potions of curing
Books
 b - a book of Necromancy

   Spells                             Type                      Level
   a - Pain                           Necromancy                   1
   b - Animate Skeleton               Necromancy                   1
   c - Vampiric Draining              Necromancy                   3
   d - Regeneration                   Charms/Necromancy            3
   e - Animate Dead                   Necromancy                   4
   f - Control Undead                 Necromancy                   4
Comestibles
 c - 2 bread rations
 f - a meat ration


   Skills:
 - Level 2.5 Fighting
 - Level 2.1 Dodging
 - Level 2.4 Stealth
 - Level 3.1 Spellcasting
 + Level 6.2 Necromancy


You had one spell level left.
You knew the following spells:

 Your Spells              Type           Power        Failure   Level  Hunger
a - Pain                  Necr           ####         1%          1    None
b - Animate Skeleton      Necr           N/A          1%          1    None
c - Control Undead        Necr           ####......   13%         4    ####...
e - Vampiric Draining     Necr           ####......   3%          3    ###....


Dungeon Overview and Level Annotations

Branches:
Dungeon (5/15)
 Temple: D:4-7

Altars:
Elyvilon
Sif Muna
Vehumet

Annotations:
D:4 letownia2's ghost, weakling DDNe
D:5 Irenicus's ghost, amateur DDNe; Pikel


Innate Abilities, Weirdness & Mutations

You are resistant to damage.
You can heal yourself by infusing magical energy.
You passively map a small area around you.
You do not regenerate.


Message History

Found an encrusted brass wand.
x - a wand of polymorph (?/24)
You eat the royal jelly.
That royal jelly was delicious!
An iguana comes into view.
The centaur shouts!
The centaur wields a shortbow.
The centaur shoots an arrow.
The arrow hits you.
* * * LOW HITPOINT WARNING * * *
Pikel the Slaver comes into view.
He is wielding a whip of freezing.
You see here an arrow.
The centaur shoots an arrow.
The arrow hits you.
* * * LOW HITPOINT WARNING * * *
You see here an arrow.
The centaur shoots an arrow.
The arrow barely misses you.
A slave comes into view.
It was a potion of might.
You feel very mighty all of a sudden.
The slave shouts! x2
The centaur shoots an arrow.
The arrow barely misses you.
The centaur shoots an arrow.
The arrow hits you!
You die...

##.###############
#..# #.## #.# #.#
#(# * #(# ,, #(#
** *, # #@#*, #.#,
#.. , , , **
**#... , , ,, * *
,#cK.. , , ,Z...l.
, #.........pp...
#.......).......
,, #..............


You could see Pikel, 2 slaves, a centaur, a leopard gecko zombie (wandering) and
a frilled lizard (wandering).

Vanquished Creatures
  A sky beast (D:4)
  A howler monkey (D:4)
  2 gnolls (D:2)
  4 adders
  A dart slug (D:2)
  3 leopard geckos
  2 orcs (D:3)
  6 giant cockroaches
  11 goblins
  2 hobgoblins
  A quokka (D:2)
  A ball python (D:3)
  7 bats
  5 frilled lizards
  7 kobolds
  10 rats
64 creatures vanquished.

Notes
Turn   | Place    | Note
-------+----------+-------------------------------------------
     0 | D:1      | Irenicus the Deep Dwarf Necromancer began the quest for the Orb.
     0 | D:1      | Reached XP level 1. HP: 15/15 MP: 3/3
   195 | D:1      | Learned a level 1 spell: Animate Skeleton
   234 | D:1      | Reached XP level 2. HP: 22/22 MP: 3/5
   438 | D:1      | Reached skill level 5 in Necromancy
   585 | D:2      | Reached XP level 3. HP: 22/28 MP: 1/6
   626 | D:2      | HP: 1/28 [gnoll/whip (8)]
   732 | D:2      | Learned a level 3 spell: Vampiric Draining
   734 | D:2      | Found a white marble altar of Elyvilon.
   817 | D:2      | Reached skill level 6 in Necromancy
   817 | D:2      | Reached XP level 4. HP: 7/36 MP: 0/7
  1246 | D:3      | Found a radiant altar of Vehumet.
  1716 | D:4      | Noticed letownia2's ghost (weakling DDNe)
  1728 | D:5      | Entered Level 5 of the Dungeon
  1730 | D:5      | Noticed Irenicus's ghost (amateur DDNe)
  1738 | D:4      | Found a deep blue altar of Sif Muna.
  1751 | D:4      | Reached XP level 5. HP: 29/42 MP: 2/9
  1793 | D:4      | Got a crude brass ring
  1794 | D:4      | Identified the ring "Zunijaq" {MR+ Str+2 Int+4 Slay+2} (You found it on level 4 of the Dungeon)
  1868 | D:3      | Learned a level 4 spell: Control Undead
  2050 | D:5      | Noticed a slave
  2050 | D:5      | Noticed a sky beast
  2051 | D:5      | Noticed a slave
  2054 | D:5      | Noticed a centaur
  2062 | D:4      | Killed a sky beast
  2105 | D:4      | You fall through a shaft!
  2140 | D:5      | Noticed Pikel
  2140 | D:5      | HP: 2/46 [centaur/arrow (3)]
  2142 | D:5      | Noticed a slave
  2142 | D:5      | Shot with an arrow by a centaur

Skill      XL: |  1  2  3  4  5 |
---------------+----------------+-----
Spellcasting   | 2 3 |  3.1
Necromancy     | 5 6 |  6.2
Fighting       | 2 |  2.5
Dodging        | |  2.1
Stealth        | |  2.4

Action                   |  1- 3 |  4- 6 || total
-------------------------+-------+-------++-------
Melee: Unarmed           |    44 |    25 ||    69
 Cast: Pain              |    42 |    29 ||    71
       Vampiric Draining |     3 |    16 ||    19
       Animate Skeleton  |       |     7 ||     7
       Control Undead    |       |     2 ||     2
  Use: Potion            |     4 |     3 ||     7
       Scroll            |       |     1 ||     1
 Stab: Sleeping          |       |     1 ||     1
  Eat: Chunk             |       |     6 ||     6
       Royal jelly       |       |     1 ||     1
Armor: Robe              |     8 |     1 ||     9
       Skin              |     2 |     7 ||     9
       Leather armour    |       |    18 ||    18
Dodge: Dodged            |    38 |    30 ||    68
